 Dungeon Crawl Stone Soup version 0.30-a0-799-g109b55a442 (webtiles) character file.

Game seed: 1430749822992866932

17012 Jeffwins the Skirmisher (level 12, -1/74 HPs)
             Began as a Human Wanderer on Feb 20, 2023.
             Was an Initiate of Gozag.
             Succumbed to a wolf spider's poison
             ... on level 12 of the Dungeon.
             The game lasted 00:26:44 (13141 turns).

Jeffwins the Skirmisher (Human Wanderer)           Turns: 13141, Time: 00:26:45

Health: -1/74      AC: 10    Str: 12    XL:     12   Next: 77%
Magic:  2/17       EV: 18    Int: 14    God:    Gozag
Gold:   1844       SH:  0    Dex: 23    Spells: 5/18 levels left

rFire   . . .      SeeInvis +    a - +1 shortbow
rCold   + + +      Faith    .    (shield currently unavailable)
rNeg    . . .      Spirit   .    t - +4 skin of Zhor {*Englaciate rC+++ SInv}
rPois   .          Reflect  .    (no helmet)
rElec   .          Harm     .    j - +1 cloak
rCorr   .          Rampage  .    J - +0 pair of gloves
Will    +....                    c - +0 pair of boots
Stlth   ++++                     g - amulet of regeneration
HPRegen 1.12/turn                X - +6 ring of dexterity
MPRegen 0.15/turn                B - ring of willpower

@: lethally poisoned (-1 -> -9), gold aura, studying Dodging
A: no striking features
a: Renounce Religion, Potion Petition, Call Merchant, Bribe Branch


You were on level 12 of the Dungeon.
You worshipped Gozag.
Gozag was most pleased with you.
You visited 2 branches of the dungeon, and saw 13 of its levels.

You collected 2173 gold pieces.
You spent 224 gold pieces at shops.
You paid 105 gold pieces to Gozag.


   Skills:
 - Level 2.0 Staves
 * Level 11.7 Ranged Weapons
 - Level 1.0 Throwing
 + Level 7.3 Dodging
 + Level 8.4 Stealth
 + Level 3.7 Spellcasting
 * Level 5.8 Summonings
 + Level 7.1 Transmutations
 * Level 2.2 Ice Magic
 * Level 5.7 Air Magic
 + Level 7.3 Evocations


You had 5 spell levels left.
You knew the following spells:

 Your Spells              Type           Power      Damage    Failure   Level
k - Airstrike             Air            9%         2d(2-18)  19%         4
l - Summon Lightning Spi  Summ/Air       18%        N/A       19%         4
z - Wereblood             Tmut           22%        N/A       1%          2
X - Frozen Ramparts       Ice            16%        1d3       24%         3

Your spell library contained the following spells:

 Spells                   Type           Power      Damage    Failure   Level
 Beastly Appendage        Tmut           44%        N/A       1%          1
 Freeze                   Ice            32%        1d5       9%          1
 Spider Form              Tmut/Pois      12%        N/A       14%         3
 Hailstorm                Conj/Ice       5%         3d4       36%         3
 Lightning Bolt           Conj/Air       5%         1d17      86%         5

Inventory:

Hand Weapons
 a - a +1 shortbow (weapon)
 w - a +2 dagger of draining
 G - a +2 whip of venom
Missiles
 l - 2 throwing nets {=f}
 n - 26 poisoned darts
 z - 7 curare-tipped darts {=f}
Armour
 b - the +3 leather armour "Gecith" {Int+2}
   (You bought it in a shop on level 9 of the Dungeon)

   Int:       It affects your intelligence (+2).
 c - a +0 pair of boots (worn)
 e - a +0 leather armour of cold resistance
 j - a +1 cloak (worn)
 t - the +4 skin of Zhor (worn) {*Englaciate rC+++ SInv}
   (You took it off an orc on level 10 of the Dungeon)

   *Englaciate: It radiates cold, occasionally slowing all nearby creatures who
   are not resistant to cold.
   rC:        It renders you almost immune to cold.
   SInv:      It lets you see invisible.
 u - an orb of guile
 J - a +0 pair of gloves (worn)
Magical Staves
 y - a staff of fire
 E - a staff of death
 H - a staff of earth
Jewellery
 g - an amulet of regeneration (around neck)
 k - an amulet of the acrobat
 x - a +6 ring of dexterity
 B - a ring of willpower (right hand)
 O - a +4 ring of protection
 P - the ring of Knowledge {rElec rPois Int+2}
   (You found it on level 11 of the Dungeon)

   [ring of poison resistance]

   Int:       It affects your intelligence (+2).
   rElec:     It insulates you from electricity.
   rPois:     It protects you from poison.
 R - a ring of resist corrosion
 X - a +6 ring of dexterity (left hand)
 Z - a ring of wizardry
Wands
 f - a wand of flame (10)
 S - a wand of light (4)
Scrolls
 d - 2 scrolls of fog
 h - 2 scrolls of blinking
 o - 4 scrolls of immolation {!r}
 q - a scroll of amnesia
 s - a scroll of teleportation {@r4}
 D - 3 scrolls of poison {!r}
 F - 6 scrolls of enchant armour
 I - 2 scrolls of magic mapping
 K - a scroll of torment {!r}
 N - 4 scrolls of identify {@r1}
 Q - a scroll of brand weapon {unknown}
 T - 3 scrolls of enchant weapon
Potions
 i - a potion of flight
 m - 4 potions of attraction {!q}
 p - a potion of magic {unknown}
 r - 5 potions of heal wounds {unknown}
 v - a potion of might
 A - a potion of ambrosia
 C - 2 potions of mutation {!q}
 L - 2 potions of haste {@q3}
 M - 8 potions of curing {@q1}

Dungeon Overview and Level Annotations

Branches:
Dungeon (12/15)            Temple (1/1) D:6            Lair (0/5) D:8
    Orc (0/2) D:10

Altars:
Ashenzari
Cheibriados
Dithmenos
Elyvilon
Fedhas
Gozag
Hepliaklqana
Kikubaaqudgha
Makhleb
Nemelex Xobeh
Okawaru
Qazlal
Ru
Sif Muna
Trog
Uskayaw
Vehumet
Wu Jian
Xom
Yredelemnul
Zin
The Shining One

Shops:
D:9 [

Annotations:
D:6 3 runed translucent doors, tarna41's ghost, novice MiBe
D:9 3 runed translucent doors, Beavis's ghost, journeyman DsCj

#..░░#.#░░..#
##..░░.#.░░..#
##++#####...#........#
.............#.....(##
..........#....####
░.#.░░#.#░░..##
..░░#.#░░.#.░░..#
.......$§.......#
........s@.....##
##++############
##..#### #......#
########......#
............########
............#.......
##..######..#.......
#..# #..#.......


You could see a wolf spider.


Message History

Confirm with . or Enter, or press ? or * to list all spells.
Aiming: Airstrike (dangerous; 19% risk of failure)
Press: ? - help, Dir - move target, f/p - wolf spider
Aim: a wolf spider (severely wounded, ally target, empty space bonus: 3/8)
The air twists around and strikes the wolf spider.
The wolf spider is severely wounded.
You feel very sick. The wolf spider hits you!
* * * LOW HITPOINT WARNING * * *
The wolf spider closely misses you.
Your lightning spire shoots out a bolt of lightning at the wolf spider!
The bolt of electricity hits the wolf spider!
The bolt of electricity hits the wolf spider.
The bolt of electricity hits your lightning spire. x2
The wolf spider hits your lightning spire!
Your lightning spire is destroyed!
Your lightning spire disappears in a puff of smoke!
The wolf spider's many legs skitter.
Unknown command.
Unknown command.
Casting: Airstrike (dangerous; 19% risk of failure)
Confirm with . or Enter, or press ? or * to list all spells.
You don't have enough magic to cast this spell.
Unknown command.
Aiming: Bolt of Light
Press: ? - help, Shift-Dir - straight line, f/p - wolf spider
Aim: a wolf spider (almost dead, 74% to hit)
The bolt of light misses the wolf spider.
You die...
Your body crumbles into a pile of gold.

Skill      XL: |  1  2  3  4  5  6  7  8  9 10 11 12 |
---------------+-------------------------------------+-----
Stealth        | 2 3 4 5 6 7 8 |  8.4
Ranged Weapons | 5 6 7 8 9 10 11 | 11.7
Evocations     | 1 2 3 4 5 6 7 |  7.3
Transmutations | 1 3 4 5 6 7 |  7.1
Dodging        | 4 6 7 |  7.3
Summonings     | 2 4 5 |  5.8
Air Magic      | 2 4 5 |  5.7
Spellcasting   | 1 2 3 |  3.7
Ice Magic      | 2 |  2.2
Staves         | |  2.0
Throwing       | |  1.0

Action                     |  1- 3 |  4- 6 |  7- 9 | 10-12 || total
---------------------------+-------+-------+-------+-------++-------
   Fire: Shortbow          |    63 |   150 |   263 |   886 ||  1362
  Throw: Dart              |       |       |       |     5 ||     5
   Cast: Wereblood         |       |       |       |    11 ||    11
         Airstrike         |       |       |       |     7 ||     7
         Summon Lightning  |       |       |       |     7 ||     7
  Evoke: Wand              |       |     3 |    13 |    43 ||    59
    Use: Scroll            |       |       |    13 |    10 ||    23
         Potion            |       |       |       |     3 ||     3
 Armour: Robe              |     1 |       |       |       ||     1
         Leather armour    |     3 |    44 |    47 |   106 ||   200
         Skin              |       |       |       |    27 ||    27
         Animal skin       |       |       |       |    39 ||    39
  Dodge: Dodged            |     8 |    77 |   107 |   339 ||   531

Levels and vault maps discovered:
D:1:      shiori_angband_town, layout_loops_ring
D:2:      layout_rooms, dilly_ecumenical_altar_fadedgnrine
D:3:      layout_basic, mainiacjoe_overflow_alcove_1, uniq_ijyb, uniq_natasha
D:4:      layout_loops_ring, minmay_overflow_temple_star_hex
D:5:      layout_basic, lemuel_zombie_altar_kikubaaqudgha
D:6:      layout_loops_ring, minmay_temple_entry_grid,
          biasface_ghost_orc_armoury, minmay_manual_monstrance
D:7:      layout_loops_corners, nemelex_diamond_rough_becter,
          minmay_misc_feat_chi
D:8:      layout_basic, dpeg_oklobed_lair, serial_curves, eino_curves_04,
          eino_curves_01
D:9:      layout_loops_ring, lemuel_tele_altar, ebering_ghost_rock_garden,
          serial_shops, nicolae_stop_n_shop_1
D:10:     layout_roguey, mainiacjoe_overflow_alcove_2, vehumet_statue,
          erik_orc_1, serial_bayou, serial_bayou_lake_a, serial_bayou_crossing,
          serial_bayou_shore_b, serial_bayou_pond_c
D:11:     layout_basic, nicolae_figureground_pulse
D:12:     layout_stronghold, hangedman_corner_corridor, uniq_azrael
Temple:   nicolae_temple_ecumenical_triangle

Notes
Turn   | Place    | Note
-------+----------+-------------------------------------------
     0 | D:1      | Jeffwins the Human Wanderer began the quest for the Orb.
     0 | D:1      | Jeffwins set off with the following items: a +0 shortbow, a
                  | +0 quarterstaff, a +0 pair of boots, a scroll of fog, a +0
                  | robe.
     0 | D:1      | Reached XP level 1. HP: 13/13 MP: 1/1
   179 | D:1      | Reached XP level 2. HP: 19/19 MP: 2/2
   872 | D:2      | Reached XP level 3. HP: 24/24 MP: 3/3
   905 | D:2      | Reached skill level 2 in Stealth
  1011 | D:2      | Found a faded altar of an unknown god.
  1357 | D:3      | Reached XP level 4. HP: 30/30 MP: 4/4
  1381 | D:3      | Noticed Ijyb
  1385 | D:3      | Killed Ijyb
  1386 | D:3      | Reached skill level 5 in Ranged Weapons
  1600 | D:3      | Reached XP level 5. HP: 35/35 MP: 5/5
  1610 | D:3      | Learned a level 2 spell: Wereblood
  1649 | D:3      | Noticed Natasha
  1664 | D:3      | Killed Natasha
  1665 | D:3      | Reached skill level 1 in Evocations
  1717 | D:3      | Noticed Natasha
  1723 | D:3      | Killed Natasha
  1724 | D:3      | Reached skill level 3 in Stealth
  1802 | D:3      | Found a burning altar of Makhleb.
  1837 | D:3      | Noticed a bullfrog
  1851 | D:3      | Killed a bullfrog
  1852 | D:3      | Reached skill level 1 in Transmutations
  1852 | D:3      | Reached XP level 6. HP: 32/41 MP: 6/6
  1889 | D:3      | Noticed Natasha
  1902 | D:3      | Killed Natasha
  1903 | D:3      | Reached skill level 6 in Ranged Weapons
  2412 | D:4      | Reached skill level 2 in Evocations
  2571 | D:4      | Reached XP level 7. HP: 31/46 MP: 7/7
  2682 | D:4      | Reached skill level 2 in Transmutations
  2747 | D:4      | Found a glowing silver altar of Zin.
  2749 | D:4      | Found a shimmering altar of Xom.
  2750 | D:4      | Found a hide-covered altar of Uskayaw.
  2761 | D:4      | Found a sacrificial altar of Ru.
  2764 | D:4      | Found a stormy altar of Qazlal.
  3304 | D:5      | Entered Level 5 of the Dungeon
  3304 | D:5      | Noticed a yak
  3304 | D:5      | Noticed a yak
  3304 | D:5      | Noticed a yak
  3304 | D:5      | Noticed a yak
  3304 | D:5      | Noticed a yak
  3304 | D:5      | Noticed a yak
  3312 | D:5      | Killed a yak
  3313 | D:5      | Reached skill level 4 in Stealth
  3318 | D:5      | Killed a yak
  3319 | D:5      | Reached skill level 7 in Ranged Weapons
  3319 | D:5      | Reached skill level 3 in Transmutations
  3319 | D:5      | Reached skill level 3 in Evocations
  3319 | D:5      | Reached XP level 8. HP: 46/52 MP: 8/8
  3325 | D:5      | Killed a yak
  3483 | D:5      | Killed a yak
  3484 | D:5      | Killed a yak
  3485 | D:5      | Reached skill level 8 in Ranged Weapons
  3485 | D:5      | Reached skill level 5 in Stealth
  3485 | D:5      | Reached skill level 4 in Evocations
  3486 | D:5      | Killed a yak
  3487 | D:5      | Reached skill level 4 in Transmutations
  3487 | D:5      | Reached XP level 9. HP: 11/57 MP: 9/9
  4053 | D:5      | Reached skill level 6 in Stealth
  4116 | D:5      | Found an ancient bone altar of Kikubaaqudgha.
  4195 | D:5      | Reached skill level 9 in Ranged Weapons
  4691 | D:6      | Reached skill level 5 in Evocations
  4812 | D:6      | Found a staircase to the Ecumenical Temple.
  4851 | Temple   | Entered the Ecumenical Temple
  4894 | Temple   | Became a worshipper of Gozag Ym Sagoz the Greedy
  4976 | D:6      | Reached skill level 5 in Transmutations
  5298 | D:6      | Reached XP level 10. HP: 63/63 MP: 10/10
  5491 | D:6      | Reached skill level 3 in Dodging
  5851 | D:6      | Found a runed translucent gate.
  5851 | D:6      | Found a runed translucent gate.
  5851 | D:6      | Found a runed translucent gate.
  5858 | D:6      | Noticed tarna41's ghost (novice MiBe)
  5862 | D:6      | Identified the +1 plate armour "Jouseidei" {+Blink}
  6164 | D:7      | Reached skill level 10 in Ranged Weapons
  6313 | D:7      | Reached skill level 7 in Stealth
  6328 | D:7      | Reached skill level 4 in Dodging
  6449 | D:7      | Learned a level 4 spell: Summon Lightning Spire
  6745 | D:7      | Found a sparkling altar of Nemelex Xobeh.
  7160 | D:7      | Reached skill level 6 in Evocations
  7290 | D:8      | Found a staircase to the Lair.
  7354 | D:8      | Reached skill level 1 in Summonings
  7356 | D:8      | Reached skill level 1 in Air Magic
  7735 | D:8      | Noticed a two-headed ogre
  7846 | D:8      | Reached skill level 6 in Transmutations
  7873 | D:8      | Killed a two-headed ogre
  7874 | D:8      | Reached skill level 1 in Spellcasting
  7874 | D:8      | Reached skill level 2 in Summonings
  7874 | D:8      | Reached skill level 2 in Air Magic
  8295 | D:8      | Reached XP level 11. HP: 49/68 MP: 12/12
  8304 | D:8      | Reached skill level 5 in Dodging
  8556 | D:9      | Found Nufoimyn's Antique Armour Shoppe.
  8580 | D:9      | Reached skill level 3 in Summonings
  8580 | D:9      | Reached skill level 3 in Air Magic
  8639 | D:9      | Reached skill level 2 in Spellcasting
  8826 | D:9      | Bought a bronze leather armour for 224 gold pieces
  8826 | D:9      | Identified the +3 leather armour "Gecith" {Int+2} (You
                  | bought it in a shop on level 9 of the Dungeon)
  9152 | D:9      | Found an iron altar of Okawaru.
  9626 | D:9      | Found a runed translucent gate.
  9626 | D:9      | Found a runed translucent gate.
  9626 | D:9      | Found a runed translucent gate.
  9629 | D:9      | Noticed Beavis's ghost (journeyman DsCj)
  9919 | D:10     | Entered Level 10 of the Dungeon
 10094 | D:10     | Reached skill level 11 in Ranged Weapons
 10101 | D:10     | Reached skill level 4 in Summonings
 10170 | D:10     | Reached skill level 6 in Dodging
 10170 | D:10     | Reached skill level 4 in Air Magic
 10721 | D:10     | Found a radiant altar of Vehumet.
 10906 | D:10     | Reached XP level 12. HP: 24/74 MP: 16/16
 11014 | D:10     | Found a staircase to the Orcish Mines.
 11122 | D:10     | Found a hazy altar of Hepliaklqana.
 11337 | D:11     | Reached skill level 8 in Stealth
 11337 | D:11     | Reached skill level 3 in Spellcasting
 11630 | D:11     | Noticed a two-headed ogre
 11634 | D:11     | Reached skill level 5 in Summonings
 11657 | D:11     | Killed a two-headed ogre
 11658 | D:11     | Reached skill level 5 in Air Magic
 11658 | D:11     | Reached skill level 7 in Evocations
 11734 | D:11     | Identified the ring of Knowledge {rElec rPois Int+2}
 11914 | D:11     | Learned a level 4 spell: Airstrike
 11918 | D:11     | Learned a level 3 spell: Frozen Ramparts
 12010 | D:11     | Noticed a two-headed ogre
 12149 | D:11     | Noticed a boulder beetle
 12167 | D:11     | Killed a boulder beetle
 12349 | D:11     | Reached skill level 7 in Dodging
 12349 | D:11     | Reached skill level 7 in Transmutations
 12349 | D:11     | Reached skill level 1 in Ice Magic
 12418 | D:11     | Killed a two-headed ogre
 13047 | D:12     | Reached skill level 2 in Ice Magic
 13049 | D:12     | Noticed a two-headed ogre
 13053 | D:12     | Killed a two-headed ogre
 13140 | D:12     | HP: 2/74 [wolf spider (11)]
 13141 | D:12     | Succumbed to a wolf spider's poison

Vanquished Creatures
  3 two-headed ogres
  2 cyclopes
  2 unseen horrors
  4 trolls
  2 wraiths
  33 yaks
  6 vampire mosquitoes
  A basilisk (D:12)
  An acid dragon (D:10)
  3 water moccasins (D:5)
  A swamp drake (D:10)
  4 ice beasts
  A sky beast (D:7)
  6 orc warriors
  4 ogres
  3 centaurs
  4 kobold brigands
  4 bullfrogs
  2 necrophages (D:5)
  5 scorpions
  18 wights
  12 killer bees
  3 howler monkeys
  5 electric eels (D:10)
  A hound (D:5)
  3 jellies
  2 gnoll boudas
  5 orc priests
  Ijyb (D:3)
  Natasha (thrice) (D:3)
  3 iguanas
  4 orc wizards
  A statue (D:10)
  7 gnolls
  11 adders
  2 shadow imps
  5 white imps
  3 ufetubi
  A worm (D:2)
  3 dart slugs
  29 orcs
  A bat zombie (D:5)
  6 endoplasms
  5 giant cockroaches
  4 goblins
  7 hobgoblins
  19 kobolds
  A quokka (D:4)
  6 ball pythons
  4 bats
  3 frilled lizards
  4 rats
  3 rat zombies (D:5)
276 creatures vanquished.

Vanquished Creatures (collateral kills)
  A boulder beetle (D:11)
  A two-headed ogre (D:12)
  A troll (D:12)
  A vampire (D:12)
4 creatures vanquished.

Vanquished Creatures (others)
  7 plants (D:10)
7 creatures vanquished.

Grand Total: 287 creatures vanquished

Table legend: (Time is in decaauts)
 A = Elapsed time spent in this place.
 B = Non-inter-level travel time spent in this place.
 C = Inter-level travel time spent in this place.
 D = Time resting spent in this place.
 E = Time spent auto-exploring this place.
 F = Levels seen in this place.
 G = Mean time per level.
                   A        B        C        D        E       F      G
               +--------+--------+--------+--------+--------+-----+--------+
         Total |  13241 |  12909 |    332 |    258 |  10111 |  13 | 1018.5 |
       Dungeon |  13192 |  12864 |    328 |    258 |  10081 |  12 | 1099.3 |
        Temple |     48 |     44 |      4 |      0 |     30 |   1 |   48.0 |
               +--------+--------+--------+--------+--------+-----+--------+

Top non-repeatable levels by time:
     D:6: 1404 daAuts
     D:5: 1366 daAuts
     D:9: 1363 daAuts
    D:11: 1326 daAuts
    D:10: 1299 daAuts
     D:8: 1273 daAuts
     D:7: 1190 daAuts
     D:3: 1036 daAuts
     D:4: 962 daAuts
     D:1: 856 daAuts
    D:12: 599 daAuts
     D:2: 513 daAuts
  Temple: 48 daAuts

Table legend:
 A = Non-vault XP
 B = Vault XP
 C = Vault XP percentage of total XP
 D = Non-vault monster count
 E = Vault monster count
 F = Vault count percentage of total count
                 A         B        C        D         E       F
            +---------+---------+-------+---------+---------+-------
      Total |   21046 |    3257 |  13.4 |     245 |      35 |  12.5
            +---------+---------+-------+---------+---------+-------
        D:1 |      25 |       0 |   0.0 |      16 |       0 |   0.0
        D:2 |      42 |       0 |   0.0 |      14 |       0 |   0.0
        D:3 |     250 |      70 |  21.9 |      17 |       2 |  10.5
        D:4 |     409 |       0 |   0.0 |      20 |       0 |   0.0
        D:5 |    2336 |       5 |   0.2 |      23 |       4 |  14.8
        D:6 |    1353 |     288 |  17.6 |      26 |       4 |  13.3
        D:7 |    1079 |       0 |   0.0 |      28 |       0 |   0.0
        D:8 |    2887 |       0 |   0.0 |      25 |       0 |   0.0
        D:9 |    2751 |       0 |   0.0 |      26 |       0 |   0.0
       D:10 |    3410 |     627 |  15.5 |      25 |      18 |  41.9
       D:11 |    5406 |       0 |   0.0 |      22 |       0 |   0.0
       D:12 |    1098 |    2267 |  67.4 |       3 |       7 |  70.0
            +---------+---------+-------+---------+---------+-------
